 Dungeon Crawl Stone Soup version 0.32-a0-460-gc8eefc90e7 (webtiles) character file.

Game seed: 2363651491251910097

562 Titania the Trooper (level 7, 0/44 HPs)
             Began as a Gargoyle Fighter on Feb 24, 2024.
             Slain by a quasit (2 damage)
             ... summoned by Eustachio
             ... on level 4 of the Dungeon.
             The game lasted 00:06:54 (2737 turns).

Titania the Trooper (Gargoyle Fighter)              Turns: 2737, Time: 00:06:54

Health: 0/44       AC: 13    Str: 19 (22) XL:     7   Next: 31%
Magic:  7/7        EV: 10    Int:  7 (8)  God:
Gold:   161        SH:  4    Dex:  6 (9)  Spells: 6/6 levels left

rFire   + . .        r - +2 flail (holy)
rCold   x . .        c - +0 buckler
rNeg    + . .        s - +3 ring mail {rF+}
rPois   ∞            (helmet restricted)
rElec   +            (no cloak)
rCorr   .            (no gloves)
SInv    .            (no boots)
Will    .....        (no amulet) Stlth
                     (no ring)
HPRegen 0.27/turn    (no ring)
MPRegen 0.10/turn

%: no passive effects
@: no status effects
A: sickness immunity, AC +4, negative energy resistance 1, electricity
resistance, torment resistance 1, petrification resistance, horns 1, cold
vulnerability 1
a: no special abilities


You were on level 4 of the Dungeon.
You visited 1 branch of the dungeon, and saw 4 of its levels.

You collected 161 gold pieces.

Inventory:

Hand Weapons
 a - a +0 flail
 p - a +1 long sword of holy wrath
 r - a +2 flail of holy wrath (weapon)
Armour
 b - a +0 scale mail
 c - a +0 buckler (worn)
 s - a +3 ring mail of fire resistance (worn)
Wands
 t - a wand of charming (7) (quivered)
Scrolls
 e - a scroll of enchant armour {unknown}
 g - a scroll of noise
 h - 2 scrolls of identify
 j - a scroll of brand weapon {unknown}
 k - 3 scrolls of enchant weapon
 q - a scroll of teleportation {unknown}
 u - a scroll of torment {unknown}
 v - a scroll of amnesia {unknown}
 w - a scroll of vulnerability {unknown}
 x - a scroll of blinking {unknown}
Potions
 f - 3 potions of mutation
 l - a potion of degeneration
 o - a potion of attraction


   Skills:
 + Level 5.0 Fighting
 * Level 5.0 Maces & Flails
 + Level 5.0 Armour
 + Level 5.0 Shields


You had 6 spell levels left.
You didn't know any spells.
Your spell library was empty.

Dungeon Overview and Level Annotations

Branches:
Dungeon (4/15)             Temple (0/1) D:4

Altars:
Fedhas
Xom
Yredelemnul

Annotations:
D:3 3 runed translucent doors, Necrophagist's ghost, amateur MDFi; ongoing's ghost, amateur CoHu; paps's ghost, amateur TrGl
D:4 Eustachio


Innate Abilities, Weirdness & Mutations

You are immune to sickness and miasma.
Your stone body is resilient. (AC +4)
You are immune to poison.
You resist negative energy. (rN+)
You are resistant to electric shocks. (rElec)
You are resistant to unholy torment.
You are immune to petrification.
You have a pair of small horns on your head.
You are vulnerable to cold. (rC-)


Message History

The rat barely misses you.
You barely miss Eustachio. Your headbutt misses Eustachio.
Eustachio is almost dead.
Eustachio barely misses you. You block the river rat's attack.
You block the rat's attack. The rat bites you but does no damage.
You barely miss Eustachio. Your headbutt misses Eustachio.
Eustachio is almost dead.
Eustachio hits you with a +0 rapier.
* * * LOW HITPOINT WARNING * * *
The river rat bites you but does no damage.
The rat bites you but does no damage.
The crimson imp sputters.
The rat barely misses you.
You hit Eustachio.
Eustachio is almost dead.
You hear the rapid rusting of a drain.
Eustachio hits you but does no damage.
The river rat bites you but does no damage.
The rat closely misses you.
Eustachio mumbles some strange words.
The river rat bites you but does no damage.
You closely miss Eustachio. You headbutt Eustachio.
Eustachio is almost dead.
The river rat disappears in a puff of smoke! x2
The rat bites you but does no damage. You block Eustachio's attack.
The rat twitches its whiskers.
The rat bites you but does no damage.
You closely miss Eustachio.
Eustachio is almost dead.
The crimson imp blinks!
The rat bites you but does no damage.
Eustachio gestures wildly while chanting.
Eustachio blinks!
You block the rat's attack. The river rat barely misses you.
The rat misses you. The rat bites you but does no damage.
The river rat bites you.
* * * LOW HITPOINT WARNING * * *
As you read the scroll labelled XAOTTA BESHE, it crumbles to dust.
It is a scroll of identify.
k - 3 scrolls of enchant weapon You block the quasit's attack.
The quasit claws you.
You die...

##.##
#.##.##.# #.#
#.......# #.#
####.#### #+#
#.# ###.####
##......#
##..#.##.#
####...#.# #
+....r@r.#
####r5.#.##.#
##...r5....#
#..#..#.####
#..........#
#..#######.#
#.@# # ##.#
#.#


You could see Eustachio, a quasit (summoned), a crimson imp (summoned), a river
rat (summoned) and 3 rats.

Vanquished Creatures
  Menkaure (D:4)
  Edmund (D:4)
  A hound (D:4)
  An orc priest (D:4)
  3 orc wizards (D:4)
  2 iguanas (D:4)
  8 adders
  2 ribbon worms
  A dart slug (D:3)
  9 orcs
  5 endoplasms
  8 goblins
  4 hobgoblins
  3 quokkas
  6 ball pythons
  5 bats
  5 frilled lizards
  4 kobolds
  5 rats
74 creatures vanquished.

Notes
Turn   | Place    | Note
-------+----------+-------------------------------------------
     0 | D:1      | Titania the Gargoyle Fighter began the quest for the Orb.
     0 | D:1      | Reached XP level 1. HP: 14/14 MP: 1/1
   291 | D:1      | Reached XP level 2. HP: 19/19 MP: 2/2
   854 | D:2      | Reached XP level 3. HP: 17/23 MP: 3/3
   897 | D:2      | Found a faded altar of an unknown god.
  1303 | D:3      | Found a shimmering altar of Xom.
  1305 | D:3      | Found a shimmering altar of Xom.
  1330 | D:3      | Reached XP level 4. HP: 26/29 MP: 4/4
  1878 | D:3      | Found a runed translucent gate.
  1878 | D:3      | Found a runed translucent gate.
  1878 | D:3      | Found a runed translucent gate.
  1882 | D:3      | Noticed paps's ghost (amateur TrGl)
  1882 | D:3      | Noticed ongoing's ghost (amateur CoHu)
  1882 | D:3      | Noticed Necrophagist's ghost (amateur MDFi)
  2075 | D:4      | Reached XP level 5. HP: 33/33 MP: 5/5
  2081 | D:4      | Noticed Edmund
  2098 | D:4      | Killed Edmund
  2099 | D:4      | Reached XP level 6. HP: 7/39 MP: 6/6
  2294 | D:4      | Found a blossoming altar of Fedhas.
  2310 | D:4      | Found a staircase to the Ecumenical Temple.
  2401 | D:4      | Noticed Menkaure
  2409 | D:4      | Killed Menkaure
  2410 | D:4      | Reached XP level 7. HP: 39/44 MP: 7/7
  2457 | D:4      | Found a basalt altar of Yredelemnul.
  2641 | D:4      | Gained mutation: You are vulnerable to cold. (rC-) [potion
                  | of mutation]
  2641 | D:4      | Gained mutation: You have a pair of small horns on your
                  | head. [potion of mutation]
  2645 | D:4      | HP: 2/44 [orc wizard/puff of flame (4)]
  2666 | D:4      | Reached skill level 5 in Fighting
  2666 | D:4      | Reached skill level 5 in Maces & Flails
  2666 | D:4      | Reached skill level 5 in Shields
  2696 | D:4      | Reached skill level 5 in Armour
  2713 | D:4      | Noticed Eustachio
  2736 | D:4      | HP: 2/44 [river rat[Eustachio] (2)]
  2737 | D:4      | Slain by a quasit

Illustrated notes

Levels and vault maps discovered:
D:1:      minmay_arrival_checkered_box, layout_basic
D:2:      minmay_inner_zag, layout_basic,
          hellmonk_ecumenical_altar_heavens_door, kennysheep_generic_room_15
D:3:      layout_basic, xom_redecorated, gammafunk_ghost_cemetery
D:4:      minmay_opposing_rooms, layout_loops_corners,
          mainiacjoe_overflow_small_starburst, old_standard_altar,
          nzn_wu_jian_contemplation, minmay_temple_entry_stoned_glass,
          portal_sewer_entry_c, uniq_menkaure, uniq_eustachio, uniq_edmund

Skill      XL: |  1  2  3  4  5  6  7 |
---------------+----------------------+-----
Maces & Flails | 3 4 5 |  5.0
Fighting       | 4 5 |  5.0
Shields        | 4 5 |  5.0
Armour         | 4 5 |  5.0

Action                     |  1- 3 |  4- 6 |  7- 9 || total
---------------------------+-------+-------+-------++-------
  Melee: Flail             |   141 |    84 |    49 ||   274
         Headbutt          |       |       |     4 ||     4
    Use: Scroll            |       |     1 |     1 ||     2
         Potion            |       |       |     7 ||     7
 Armour: Scale mail        |   100 |    40 |       ||   140
         Ring mail         |       |    16 |    84 ||   100
  Dodge: Dodged            |    65 |    26 |    35 ||   126
  Block: Buckler           |    31 |    19 |    20 ||    70

Table legend: (Time is in decaauts)
 A = Elapsed time spent in this place.
 B = Non-inter-level travel time spent in this place.
 C = Inter-level travel time spent in this place.
 D = Time resting spent in this place.
 E = Time spent auto-exploring this place.
 F = Levels seen in this place.
 G = Mean time per level.
                   A        B        C        D        E       F      G
               +--------+--------+--------+--------+--------+-----+--------+
         Total |   2809 |   2744 |     65 |    127 |   1975 |   4 |  702.2 |
       Dungeon |   2809 |   2744 |     65 |    127 |   1975 |   4 |  702.2 |
               +--------+--------+--------+--------+--------+-----+--------+

Top non-repeatable levels by time:
     D:3: 829 daAuts
     D:2: 723 daAuts
     D:4: 687 daAuts
     D:1: 569 daAuts
